 Dungeon Crawl Stone Soup version 0.17.1-2-g5865329 (webtiles) character file.

137 Jerry the Digger (level 5, -7/31 HPs)
             Began as an Octopode Earth Elementalist on Jan 30, 2016.
             Mangled by sKa's ghost (10 damage)
             ... on level 3 of the Dungeon on Jan 31, 2016.
             The game lasted 00:18:16 (2764 turns).

Jerry the Digger (Octopode Earth Elementalist)      Turns: 2764, Time: 00:18:16

Health: -7/31      AC:  1    Str:  8    XL:     5   Next: 20%
Magic:  5/9        EV:  8    Int: 18    God:
Gold:   93         SH:  0    Dex: 12    Spells: 3 memorised, 3 levels left

rFire  . . .     SeeInvis .     q - +0 mace (holy)
rCold  . . .     Clarity  .     (no shield)
rNeg   . . .     SustAt   .     (helmet restricted)
rPois  .         Gourm    .     (no amulet)
rElec  .         Spirit   .     g - ring of teleportation (curse)
rCorr  .         Warding  .     o - +3 ring of slaying
rMut   .         Rnd*Tele +     (no ring)
MR     .....                    (no ring)
Stlth  +++.......               (no ring)
                                (no ring)
                                (no ring)
                                (no ring)

@: very slightly contaminated, not resistant to hostile enchantments, fairly
stealthy
A: almost no armour, amphibious, 8 rings, constrict 8, camouflage 1, gelatinous
body 1
a: Evoke Teleportation


You were on level 3 of the Dungeon.
You were not hungry.

You visited 1 branch of the dungeon, and saw 3 of its levels.

You collected 93 gold pieces.

Inventory:

Hand Weapons
 d - a +0 hand axe
 q - a +0 mace of holy wrath (weapon)
Missiles
 a - 145 stones (quivered)
Jewellery
 g - a cursed ring of teleportation (left tentacle)
 o - a +3 ring of slaying (right tentacle)
Scrolls
 c - a scroll of fear {unknown}
 j - 3 scrolls of amnesia {unknown}
 p - a scroll of immolation {unknown}
 r - a scroll of identify {unknown}
Potions
 e - a potion of curing {unknown}
 h - a potion of flight {unknown}
 i - a potion of cure mutation {unknown}
 k - a potion of poison {unknown}
 l - a potion of heal wounds {unknown}
 m - a potion of brilliance {unknown}
 n - a potion of degeneration {unknown}
Books
 b - a book of Geomancy

   Spells                             Type                      Level
   a - Sandblast                      Earth                        1
   b - Stoneskin                      Transmutation/Earth          2
   c - Passwall                       Transmutation/Earth          3
   d - Stone Arrow                    Conjuration/Earth            3
   e - Petrify                        Transmutation/Earth          4
   f - Lee's Rapid Deconstruction     Earth                        5
Comestibles
 f - 3 meat rations


   Skills:
 - Level 3.2 Dodging
 - Level 3.1 Stealth
 + Level 2.7 Spellcasting
 * Level 1.9 Conjurations
 - Level 1.2 Transmutations
 - Level 3.6 Earth Magic


You had 3 spell levels left.
You knew the following spells:

 Your Spells              Type           Power        Failure   Level  Hunger
a - Sandblast             Erth           ###...       4%          1    None
b - Stoneskin             Trmt/Erth      ##......     12%         2    ##.....
c - Stone Arrow           Conj/Erth      ##....       21%         3    ###....


Dungeon Overview and Level Annotations

Branches:
Dungeon (3/15)

Altars:
Cheibriados
Nemelex Xobeh

Annotations:
D:3 sKa's ghost, amateur TrMo


Innate Abilities, Weirdness & Mutations

You cannot wear most types of armour.
You are amphibious.
You can wear up to eight rings at the same time.
You can use your tentacles to constrict eight enemies at once.
Your skin changes colour to match your surroundings (Stealth).
Your rubbery body absorbs attacks (AC +1).


Message History

Press: ? - help, Shift-Dir - straight line, f/p - sKa's ghost
Aim: sKa's ghost You miscast Sandblast.
You are very lightly contaminated with residual magic.
The floor shifts beneath you alarmingly!
SKa's ghost hits you!
* * * LOW HITPOINT WARNING * * *
The orc throws a tomahawk of dispersal.
The tomahawk of dispersal barely misses you.
A worker ant comes into view.
SKa's ghost wails, "Death is your only future!"
SKa's ghost hits you but does no damage.
Things that are here:
8 sling bullets; a leather armour SKa's ghost shouts, "I was like you once."
Things that are here:
a club; a kobold corpse
There is an escape hatch in the floor here.
SKa's ghost hits you!
You die...

.............#
.............#
.............#
....#........###
....+....(...).#
....##..######.#
....+...# #.#
..$.#.#.#
#.#####
#####....
#.W@..# ###..#
#####.# #..#
#<#.# #.># #.#.#
#.#.# #.#.###
#.#...# #.###.#
#.....#


You could see sKa's ghost.

Vanquished Creatures
  A crimson imp (D:2)
  Terence (D:2)
  3 adders
  2 worms (D:2)
  A giant gecko (D:2)
  An orc (D:3)
  A ball python (D:2)
  6 goblins
  5 hobgoblins
  2 jackals (D:1)
  12 kobolds
  3 bats
  5 giant cockroaches
  4 giant newts
  3 rats
50 creatures vanquished.

Notes
Turn   | Place    | Note
--------------------------------------------------------------
     0 | D:1      | Jerry the Octopode Earth Elementalist began the quest for the Orb.
     0 | D:1      | Reached XP level 1. HP: 11/11 MP: 3/3
   154 | D:1      | Reached XP level 2. HP: 9/17 MP: 5/5
   174 | D:1      | Learned a level 2 spell: Stoneskin
   648 | D:1      | Reached XP level 3. HP: 21/21 MP: 3/6
   701 | D:1      | Learned a level 3 spell: Stone Arrow
  1736 | D:2      | Reached XP level 4. HP: 27/27 MP: 7/7
  1824 | D:2      | Reached skill level 1 in Conjurations
  2073 | D:2      | Found a snail-covered altar of Cheibriados.
  2200 | D:2      | Found a sparkling altar of Nemelex Xobeh.
  2295 | D:2      | Noticed Terence
  2313 | D:2      | HP: 1/27 [Terence/mace of holy wrath (7)]
  2314 | D:2      | Killed Terence
  2656 | D:2      | Reached XP level 5. HP: 31/31 MP: 9/9
  2735 | D:3      | Noticed sKa's ghost (amateur TrMo)
  2746 | D:3      | HP: 1/31 [sKa's ghost (9)]
  2764 | D:3      | Mangled by sKa's ghost

Action                   |  1- 3 |  4- 6 || total
-------------------------+-------+-------++-------
Melee: Hand axe          |    30 |    14 ||    44
       Mace              |       |     7 ||     7
Throw: Stone             |     3 |       ||     3
 Cast: Sandblast         |    56 |    27 ||    83
       Stoneskin         |     4 |       ||     4
 Stab: Sleeping          |     3 |     5 ||     8
  Eat: Chunk             |     3 |       ||     3
       Bread ration      |       |     1 ||     1
